 Dungeon Crawl Stone Soup version 0.21.1-1-g345015f (webtiles) character file.

4 glosham the Scratcher (level 1, -1/10 HPs)
             Began as a Felid Chaos Knight on Apr 15, 2018.
             Slain by a goblin
             ... wielding a +0 dagger
             ... led by Robin
              (3 damage)
             ... on level 1 of the Dungeon.
             The game lasted 00:02:18 (72 turns).

glosham the Scratcher (Felid Chaos Knight)            Turns: 72, Time: 00:02:19

Health: -1/10      AC:  1    Str:  8    XL:     1   Next: 50%
Magic:  2/2        EV: 18    Int: 13    God:
Gold:   0          SH:  0    Dex: 15    Spells: 0/0 levels left
                                        Lives:  0   Deaths: 0

rFire    . . .     SeeInvis +     - Unarmed
rCold    . . .     Gourm    .   (shield unavailable)
rNeg     . . .     Faith    .   (armour unavailable)
rPois    .         Spirit   .   (helmet unavailable)
rElec    .         Reflect  .   (cloak unavailable)
rCorr    .         Harm     .   (gloves unavailable)
MR       .....                  (boots unavailable)
Stlth    ++........             (no amulet)
HPRegen  0.03/turn              (no ring)
MPRegen  0.08/turn              (no ring)

@: quick
A: very small, no armour, no weapons or thrown items, stealth, claws 1, fangs 3,
see invisible, carnivore, speed 1, shaggy fur 1, slow metabolism 1, sharp paws
a: no special abilities


You were on level 1 of the Dungeon.
You were completely stuffed.

You visited 1 branch of the dungeon, and saw 2 of its levels.

Inventory:

Comestibles
 a - a ration


   Skills:
 - Level 3.0 Fighting
 - Level 3.2 Dodging
 * Level 3.3 Unarmed Combat


You couldn't memorise any spells.
You didn't know any spells.

Dungeon Overview and Level Annotations

Branches:
Dungeon (2/15)

Altars:

Annotations:
D:2 Robin


Innate Abilities, Weirdness & Mutations

You cannot wear armour.
You are incapable of wielding weapons or throwing items.
Your paws allow you to move quietly. (Stealth)
You have sharp claws.
You have razor-sharp teeth.
You have supernaturally acute eyesight. (SInv)
You are carnivorous and can eat meat at any time.
You cover ground quickly.
You are covered in fur. (AC +1)
You have a slow metabolism.
Your sharp claws are effective at attacking unaware monsters.


Message History

Eat one of 3 chunks of flesh? (ye/n/q)
You eat one of the 3 chunks of flesh.
This raw flesh tastes great.
Eat one of 2 chunks of flesh? (ye/n/q)
You eat one of the 2 chunks of flesh.
This raw flesh tastes great.
Eat a chunk of flesh? (ye/n/q)
You eat the chunk of flesh.
This raw flesh tastes great.
Found a pair of gloves.
You see here a pair of gloves.
Found an escape hatch in the floor.
There is an escape hatch in the floor here.
You slide downwards.
The hatch slams shut behind you. 7 goblins and Robin come into view.
Robin shouts!
The goblin shouts! x3; You hear a shout!
The goblin shouts! x2
Found a robe, 53 stones, a leather armour and a ration.
Found a stone staircase leading up.
Unknown command.
The goblin shouts!
You hear a shout! x2
Robin throws the goblin at you!
The goblin unwields an uncursed club.
The goblin wields a hunting sling.
The goblin shoots a stone.
The stone hits you but does no damage.
A goblin comes into view. It is wielding a dagger.
You see here a stone.
Unknown command.
Robin throws the goblin at you! The goblin misses you.
A goblin comes into view.
Unknown command.
The goblin unwields an uncursed dagger.
The goblin wields a hunting sling.
The goblin shoots a stone.
The stone misses you. The goblin hits you.
Unknown command.
Robin throws the goblin at you!
* * * LOW HITPOINT WARNING * * *
There is a stone staircase leading up here.
The goblin misses you.
You climb upwards.
Found a stone staircase leading down.
There is a stone staircase leading down here.
You closely miss the goblin. The goblin misses you.
You barely miss the goblin. The goblin hits you with a dagger.
You die... "This toy is broken."

.
..############
####...
.......@.....#
.......
...>....g......
......#
..####.......#.
.....##
#.........
####.#
#.......#. #
#.......#
#.......#
####.####


You could see a goblin.

Vanquished Creatures
  A ball python (D:1)
  2 goblins (D:1)
3 creatures vanquished.

Notes
Turn   | Place    | Note
-------+----------+-------------------------------------------
     0 | D:1      | glosham the Felid Chaos Knight began the quest for the Orb.
     0 | D:1      | Reached XP level 1. HP: 10/10 MP: 2/2
     2 | D:1      | Fell from the grace of Xom
    62 | D:2      | Noticed Robin
    72 | D:1      | Slain by a goblin

Action                   || total
-------------------------++-------
Melee: Unarmed           ||    12
       Bite              ||     1
Invok: Renounce Religion ||     1
  Eat: Chunk             ||     6
Dodge: Dodged            ||    12

Table legend:
 A = Turns spent in this place as a percentage of turns spent in the entire game.
 B = Non-inter-level travel turns spent in this place as a percentage of non-inter-level travel turns spent in the entire game.
 C = Inter-level travel turns spent in this place as a percentage of turns spent in this place.
 D = Turns resting spent in this place as a percentage of non-inter-level travel turns spent in this place.
 E = Turns spent auto-exploring this place as a percentage of non-inter-level travel turns spent in this place.
 F = Non-inter-level travel turns spent in this place divided by the number of levels of this place that you've seen.
                   A       B       C       D       E      F
               +-------+-------+-------+-------+-------+----------------------
         Total | 100.0 | 100.0 |   0.0 |   0.0 |   0.0 |  36.0
       Dungeon | 100.0 | 100.0 |   0.0 |   0.0 |   0.0 |  36.0
               +-------+-------+-------+-------+-------+----------------------

Table legend:
 A = Kills in this place as a percentage of kills in entire the game.
 B = Kills by you in this place as a percentage of kills by you in the entire game.
 C = Kills by friends in this place as a percentage of kills by friends in the entire game.
 D = Other kills in this place as a percentage of other kills in the entire game.
 E = Experience gained in this place as a percentage of experience gained in the entire game.
 F = Experience gained in this place divided by the number of levels of this place that you have seen.
                   A       B       C       D       E      F
               +-------+-------+-------+-------+-------+----------------------
         Total | 100.0 | 100.0 |   N/A |   N/A | 100.0 |   3.0
       Dungeon | 100.0 | 100.0 |   N/A |   N/A | 100.0 |   3.0
               +-------+-------+-------+-------+-------+----------------------

Vault maps used:
D:1:      dpeg_arrival_court
D:2:      overflow_temple_1_default, amethyst_overflow_temple_binary,
          first_ration, uniq_robin
